 Dungeon Crawl Stone Soup version 0.25.1-8-g42b30a86e7 (webtiles) character file.

Game seed: 1227457105082513681

1145 hawla the Placeless Cat (level 8, -5/54 HPs)
             Began as a Felid Conjurer on Dec 17, 2020.
             Was an Initiate of Ashenzari.
             Slain by a bullfrog (8 damage)
             ... on level 7 of the Dungeon.
             The game lasted 00:27:36 (10494 turns).

hawla the Placeless Cat (Felid Conjurer)           Turns: 10494, Time: 00:27:37

Health: -5/54      AC:  2    Str:  6    XL:     8   Next: 15%
Magic:  8/16       EV: 17    Int: 17    God:    Ashenzari [......]
Gold:   233        SH:  5    Dex: 16    Spells: 7/17 levels left
                                        Lives:  0   Deaths: 2

rFire    . . .     SeeInvis +   (weapon unavailable)
rCold    . . .     Gourm    .   (shield unavailable)
rNeg     . . .     Faith    .   (armour unavailable)
rPois    .         Spirit   .   (helmet unavailable)
rElec    .         Reflect  +   (cloak unavailable)
rCorr    +         Harm     .   (gloves unavailable)
MR       +....                  (boots unavailable)
Stlth    ..........             l - amulet of reflection (curse)
HPRegen  0.18/turn              i - ring of stealth
MPRegen  0.15/turn              j - ring of resist corrosion

@: berserking, drained, very quick
A: very small, no armour, no weapons or thrown items, stealth, claws 1, fangs 3,
see invisible, carnivore, speed 1, shaggy fur 2, slow metabolism 1, sharp paws
a: Curse Item, Renounce Religion


You were on level 7 of the Dungeon.
You worshipped Ashenzari.
Ashenzari was noncommittal.
You were not hungry.

You visited 2 branches of the dungeon, and saw 8 of its levels.

You collected 233 gold pieces.

Inventory:

Jewellery
 c - an uncursed ring of ice
 i - a ring of stealth (left paw)
 j - a ring of resist corrosion (right paw)
 l - a cursed amulet of reflection (around neck)
 q - an uncursed ring of ice
Wands
 h - a wand of clouds (4)
Scrolls
 a - 2 scrolls of remove curse
 o - 3 scrolls of amnesia
 r - a scroll of teleportation
Potions
 e - a potion of cancellation
 p - 2 potions of flight
Comestibles
 b - 11 rations


   Skills:
 + Level 4.6(3.8) Fighting
 - Level 2.6(1.9) Dodging
 - Level 2.6(1.9) Stealth
 - Level 5.0(4.2) Spellcasting
 + Level 6.4(5.6) Conjurations
 - Level 5.1(4.3) Hexes
 + Level 8.1(7.3) Translocations


You had 7 spell levels left.
You knew the following spells:

 Your Spells              Type           Power        Failure   Level  Hunger
a - Magic Dart            Conj           ###.         1%          1    None
b - Searing Ray           Conj           ###...       2%          2    ##.....
c - Iskenderun's Mystic   Conj/Tloc      ####....     11%         4    ####...
d - Dazzling Flash        Conj/Hex       ###...       6%          3    ###....

Your spell library contained the following spells:

 Spells                   Type           Power        Failure   Level  Hunger
 Fulminant Prism          Conj/Hex       ###.......   21%         4    ####...


Dungeon Overview and Level Annotations

Branches:
Dungeon (7/15)             Temple (1/1) D:6

Altars:
Ashenzari
Cheibriados
Dithmenos
Fedhas
Gozag
Hepliaklqana
Kikubaaqudgha
Makhleb
Nemelex Xobeh
Okawaru
Qazlal
Ru
Sif Muna
Trog
Uskayaw
Vehumet
Wu Jian
Xom
Yredelemnul
Zin
The Shining One

Annotations:
D:4 Dowan, Duvessa, Pikel


Innate Abilities, Weirdness & Mutations

You cannot wear armour.
You are incapable of wielding weapons or throwing items.
Your paws allow you to move quietly. (Stealth)
You have sharp claws.
You have razor-sharp teeth.
You have supernaturally acute eyesight. (SInv)
You are carnivorous and can eat meat at any time.
You cover ground quickly.
You are covered in thick fur. (AC +2)
You have a slow metabolism.
Your sharp claws are effective at attacking unaware monsters.


Message History

The spell is quite dangerous to cast (11% risk of failure)!
Continue anyway?
You erupt in a blast of force!
The mystic blast hits the bullfrog!
The bullfrog is heavily wounded.
The mystic blast hits the bullfrog!
The bullfrog is moderately wounded.
The bullfrog is knocked back by the mystic blast.
The mystic blast hits the jackal!
You kill the jackal!
The bullfrog hits you!
* * * LOW HITPOINT WARNING * * *
Okay, then.
A red film seems to cover your vision as you go berserk!
You feel yourself moving faster!
You feel mighty! The bullfrog closely misses you.
An orc wizard comes into view. It is wielding a +0 dagger. x2
The bullfrog barely misses you.
You closely miss the bullfrog.
The bullfrog is moderately wounded.
The bullfrog hits you!
You die...

.......###.....|............
.(............##............
.............^.#c...........
...........#.##.........
.............##...(.....
.............# .....#
......$......#.
...............
.....oF@.....##
.o....F..Z...#
.o.o.........#
.........Z.....
...............
...........##.. ...........#
# ............


You could see an orc warrior, 2 bullfrogs, a centaur, 2 orc wizards, an orc, an
adder zombie and a centaur skeleton.

Vanquished Creatures
  Sigmund (D:4)
  A sky beast (D:6)
  3 ogres
  4 scorpions
  9 wights
  A howler monkey (D:6)
  2 crimson imps
  2 orc priests (D:5)
  2 hounds
  2 orc wizards
  3 worker ants
  Natasha (thrice) (D:4)
  A killer bee zombie (D:6)
  A hound skeleton (D:4)
  Robin (D:3)
  7 gnolls
  7 adders
  A shadow imp (D:5)
  An ooze (D:2)
  2 worms (D:2)
  8 leopard geckos
  10 orcs
  4 bats
  6 giant cockroaches
  17 goblins
  13 hobgoblins
  22 jackals
  8 kobolds
  4 quokkas
  A ball python (D:4)
  9 frilled lizards
  10 rats
166 creatures vanquished.

Notes
Turn   | Place    | Note
-------+----------+-------------------------------------------
     0 | D:1      | hawla the Felid Conjurer began the quest for the Orb.
     0 | D:1      | Reached XP level 1. HP: 7/7 MP: 4/4
   227 | D:1      | Reached XP level 2. HP: 11/11 MP: 1/6
   235 | D:1      | Learned a level 2 spell: Searing Ray
   824 | D:1      | Found a shimmering altar of Xom.
  1018 | D:1      | Reached XP level 3. HP: 14/14 MP: 5/8
  2526 | D:2      | Reached XP level 4. HP: 18/18 MP: 3/11
  2532 | D:2      | Learned a level 4 spell: Iskenderun's Mystic Blast
  2536 | D:2      | Learned a level 3 spell: Dazzling Flash
  2871 | D:3      | Reached skill level 1 in Hexes
  2946 | D:3      | Reached skill level 1 in Translocations
  3320 | D:3      | Reached XP level 5. HP: 15/21 MP: 2/12
  3630 | D:3      | Reached skill level 2 in Translocations
  4589 | D:4      | Noticed Duvessa
  4591 | D:4      | Noticed Dowan
  4607 | D:3      | Reached skill level 3 in Translocations
  4607 | D:3      | Gained mutation: You are covered in thick fur. (AC +2)
                  | [Felid growth]
  4607 | D:3      | Reached XP level 6. HP: 4/24 MP: 4/13
  4882 | D:4      | Noticed Sigmund
  4891 | D:4      | Killed Sigmund
  4991 | D:4      | Reached skill level 4 in Translocations
  5073 | D:4      | Noticed Robin
  5389 | D:3      | Killed Robin
  5549 | D:4      | Reached skill level 5 in Spellcasting
  5549 | D:4      | Reached XP level 7. HP: 21/27 MP: 6/15
  5733 | D:4      | Noticed Natasha
  5735 | D:4      | Killed Natasha
  5923 | D:4      | Noticed Natasha
  5929 | D:4      | Killed Natasha
  6007 | D:4      | Reached skill level 1 in Fighting
  6066 | D:4      | Noticed Natasha
  6071 | D:4      | Killed Natasha
  6143 | D:4      | Noticed Pikel
  6198 | D:4      | Slain by a slave
  6199 | D:4      | Reached XP level 6. HP: -3/25 MP: 3/14
  6612 | D:4      | Found a blossoming altar of Fedhas.
  6646 | D:4      | Found an iron altar of Okawaru.
  6763 | D:5      | Entered Level 5 of the Dungeon
  6766 | D:5      | Reached skill level 5 in Conjurations
  6798 | D:5      | Reached skill level 5 in Translocations
  7068 | D:5      | Reached XP level 7. HP: 30/30 MP: 10/15
  7602 | D:5      | Found a stormy altar of Qazlal.
  8071 | D:6      | Reached skill level 6 in Translocations
  8183 | D:5      | Slain by a wight
  8184 | D:5      | Reached XP level 6. HP: -1/27 MP: 5/14
  8239 | D:5      | HP: 1/27 [scorpion (8)]
  8673 | D:6      | Found a staircase to the Ecumenical Temple.
  8697 | Temple   | Entered the Ecumenical Temple
  8868 | Temple   | Became a worshipper of Ashenzari the Shackled
  8890 | D:6      | Reached XP level 7. HP: 27/31 MP: 8/15
  9128 | D:6      | Reached skill level 7 in Translocations
  9318 | D:6      | Found a hazy altar of Hepliaklqana.
  9320 | D:6      | Found an ornate altar of the Wu Jian Council.
 10154 | D:7      | Reached XP level 8. HP: 23/36 MP: 1/16
 10261 | D:7      | Reached skill level 8 in Translocations
 10267 | D:7      | Reached skill level 5 in Hexes
 10492 | D:7      | HP: 1/36 [bullfrog (7)]
 10494 | D:7      | Slain by a bullfrog

Illustrated notes

Levels and vault maps discovered:
D:1:      evilmike_arrival_crescent, layout_loops_cross, xom_teletrap_fun
D:2:      layout_rooms, st_stairs_12, minmay_small_reverse_x
D:3:      layout_rooms, serial_co_window_serial, co_window_corner_a,
          co_window_paths_a, co_window_of_opportunity_a, co_window_paths_b,
          co_window_paths_b, co_window_broadway_c, co_window_paths_c,
          co_window_broadway_c, co_window_of_opportunity_b,
          co_window_broadway_c, glass_columns_b, glass_columns_a,
          kennysheep_nub, dk_noncrumbling_2
D:4:      layout_cave_pools, old_standard_altar, fedhas_altar_2, first_ration,
          hangedman_glass_teeth, columned_hall_lemuel, uniq_robin, uniq_pikel,
          uniq_natasha, uniq_sigmund, uniq_duvessa
D:5:      layout_loops_ring, grunt_qazlal_clouds
D:6:      layout_rooms, chequers_temple_overflow_statue_of_worship,
          minmay_temple_entry_ruins, chequers_serial_rivers_micro_c
D:7:      layout_cave_pools, serial_shops, shop_fountains, uniq_menkaure
Temple:   nicolae_temple_elliptical

Skill      XL: |  1  2  3  4  5  6  7  8 |
---------------+-------------------------+-----
Spellcasting   | 3 4 5 |  5.0
Hexes          | 1 3 4 5 |  5.1
Translocations | 1 3 5 7 8 |  8.1
Conjurations   | 4 5 6 |  6.4
Fighting       | 3 4 |  4.6
Dodging        | |  2.6
Stealth        | |  2.6

Action                   |  1- 3 |  4- 6 |  7- 9 || total
-------------------------+-------+-------+-------++-------
Melee: Unarmed           |    17 |    15 |    28 ||    60
       Bite              |     1 |     1 |     3 ||     5
 Cast: Magic Dart        |    58 |    61 |    51 ||   170
       Searing Ray       |    29 |    63 |    42 ||   134
       Iskenderun's Myst |       |    10 |    19 ||    29
       Dazzling Flash    |       |     3 |     5 ||     8
Invok: Curse Item        |       |     1 |       ||     1
  Use: Scroll            |     1 |     3 |     6 ||    10
       Potion            |       |     3 |     6 ||     9
  Eat: Chunk             |    12 |    15 |    12 ||    39
Armor: Skin              |     2 |     5 |     6 ||    13
Dodge: Dodged            |    20 |   115 |    98 ||   233
Block: Other             |       |    31 |    20 ||    51
       Reflection        |       |     4 |     5 ||     9
